 Dungeon Crawl Stone Soup version 0.28.0-53-g5a82cb258f (webtiles) character file.

Game seed: 2642471326003200818

4379 Atelerd the Thaumaturge (level 10, -13/60 HPs)
             Began as an Octopode Earth Elementalist on June 7, 2022.
             Was a Follower of Sif Muna.
             Shot with a bolt by an orc (17 damage)
             ... in a bailey.
             The game lasted 00:18:30 (11346 turns).

Atelerd the Thaumaturge (OpEE)                     Turns: 11346, Time: 00:18:31

Health: -13/60     AC:  1    Str:  7    XL:     10   Next: 35%
Magic:  3/23       EV: 17    Int: 22    God:    Sif Muna [*.....]
Gold:   818        SH:  0    Dex: 25    Spells: 20/28 levels left

rFire   + . .      SeeInvis .   i - +2 short sword (venom)
rCold   + . .      Faith    .   (no shield)
rNeg    + . .      Spirit   .   (helmet restricted)
rPois   .          Reflect  .   H - amulet of magic regeneration
rElec   +          Harm     .   x - +6 ring of dexterity
rCorr   .          Rampage  .   k - ring of positive energy
Will    +....                   y - ring of protection from fire
Stlth   ++++......              z - +6 ring of dexterity
HPRegen 0.20/turn               J - ring of protection from cold
MPRegen 0.58/turn               b - ring "Ichuf" {rElec Will+}
                                (no ring)
                                (no ring)

@: no status effects
A: almost no armour, amphibious, 8 rings, camouflage 1, gelatinous body 1,
(nimble swimmer 1), tentacles
a: Renounce Religion, Channel Magic


You were in a bailey.
You worshipped Sif Muna.
Sif Muna was aware of your devotion.
You visited 2 branches of the dungeon, and saw 9 of its levels.
You also visited: Bailey.

You collected 896 gold pieces.
You spent 78 gold pieces at shops.

Inventory:

Hand Weapons
 a - a +0 long sword
 h - a +0 dagger
 i - a +2 short sword of venom (weapon)
Missiles
 n - a curare-tipped dart
 w - 5 throwing nets
Jewellery
 b - the ring "Ichuf" (on tentacle) {rElec Will+}
   (You acquired it on level 8 of the Dungeon)

   [ring of willpower]

   rElec:     It insulates you from electricity.
   Will:      It increases your willpower.
 k - a ring of positive energy (right tentacle)
 x - a +6 ring of dexterity (left tentacle)
 y - a ring of protection from fire (on tentacle)
 z - a +6 ring of dexterity (on tentacle)
 B - a ring of fire
 H - an amulet of magic regeneration (around mantle)
 J - a ring of protection from cold (on tentacle)
Wands
 u - a wand of flame (19)
 G - a wand of iceblast (5)
 I - a wand of polymorph (14)
 L - a wand of acid (9)
Scrolls
 e - a scroll of fog
 f - 2 scrolls of teleportation
 p - a scroll of enchant weapon
 A - 2 scrolls of blinking
 C - 2 scrolls of immolation
 D - a scroll of fear
 E - 2 scrolls of amnesia
 F - 2 scrolls of silence
Potions
 c - 3 potions of brilliance
 d - 2 potions of attraction
 g - 2 potions of curing
 j - a potion of berserk rage
 l - 2 potions of heal wounds
 m - 3 potions of cancellation
 q - a potion of degeneration {unknown}
 r - 2 potions of might
 s - a potion of lignification {unknown}
 t - 2 potions of resistance {unknown}
 K - a potion of ambrosia {unknown}


   Skills:
 - Level 2.0 Fighting
 - Level 1.7(2.0) Short Blades
 - Level 1.1(1.6) Long Blades
 - Level 5.0 Dodging
 - Level 5.0 Stealth
 + Level 9.6 Spellcasting
 - Level 5.0 Transmutations
 - Level 7.0 Earth Magic
 - Level 3.0 Invocations


You had 20 spell levels left.
You knew the following spells:

 Your Spells              Type           Power      Damage    Failure   Level
a - Sandblast             Erth           82%        2d17      1%          1
b - Stone Arrow           Conj/Erth      50%        3d10      4%          3
p - Petrify               Tmut/Erth      36%        N/A       5%          4

Your spell library contained the following spells:

 Spells                   Type           Power      Damage    Failure   Level
 Passwall                 Tmut/Erth      30%        N/A       1%          2
 Wereblood                Tmut           32%        N/A       1%          2
 Sublimation of Blood     Necr           10%        N/A       10%         2
 Confusing Touch          Hex            10%        N/A       19%         3
 Yara's Violent Unravell  Hex/Tmut       10%        3d6       54%         5
 Enfeeble                 Hex            5%         N/A       100%        7
 Summon Hydra             Summ           5%         N/A       100%        7


Dungeon Overview and Level Annotations

Branches:
Dungeon (8/15)             Temple (1/1) D:6          Bailey (1/1)
   Lair: D:8-11

Altars:
Ashenzari
Cheibriados
Dithmenos
Elyvilon
Fedhas
Gozag
Hepliaklqana
Kikubaaqudgha
Makhleb
Nemelex Xobeh
Okawaru
Qazlal
Ru
Sif Muna
Trog
Uskayaw
Vehumet
Wu Jian
Xom
Yredelemnul
Zin
The Shining One

Shops:
D:2 *

Annotations:
D:3 exclusion: 2 downstairs
D:4 1 runed translucent door, Crazy Yiuf
D:6 exclusion: downstairs


Innate Abilities, Weirdness & Mutations

You cannot wear most types of armour.
You are amphibious.
You can wear up to eight rings at the same time.
Your skin changes colour to match your surroundings (Stealth+).
Your rubbery body absorbs attacks. (AC +1, EV +1)
((You are camouflaged when in or above water. (Stealth+)))
You have tentacles for arms and can constrict up to eight enemies at once.


Message History

The stone arrow hits the orc warrior.
The orc warrior is lightly wounded.
The orc warrior shoots a bolt.
The bolt hits you!
The orc warrior unwields a +0 arbalest.
The orc warrior closely misses you.
Unknown command.
Casting: Stone Arrow (dangerous; 4% risk of failure)
Confirm with . or Enter, or press ? or * to list all spells.
Aiming: Petrify (dangerous; 5% risk of failure)
Press: ? - help, Shift-Dir - straight line, f/p - orc warrior
Aim: an orc warrior, wearing a +0 scale mail and quivering bolts (lightly wounded, chance to affect: 64%)
The orc warrior struggles to resist.
The orc warrior shoots a bolt.
The bolt closely misses you.
Unknown command.
Unknown command.
Casting: Petrify (dangerous; 5% risk of failure)
Confirm with . or Enter, or press ? or * to list all spells.
Aiming: Petrify (dangerous; 5% risk of failure)
Press: ? - help, Shift-Dir - straight line, f - orc warrior, p - orc warrior
Aim: an orc warrior, wielding a +0 arbalest, wearing a +0 scale mail and quivering bolts (chance to affect: 64%)
The orc warrior struggles to resist.
The orc warrior hits you.
The orc warrior shoots a bolt.
The bolt closely misses you.
Unknown command.
Unknown command.
Casting: Petrify (dangerous; 5% risk of failure)
Confirm with . or Enter, or press ? or * to list all spells.
Aiming: Petrify (dangerous; 5% risk of failure)
Press: ? - help, Shift-Dir - straight line, f/p - orc warrior
Aim: an orc warrior, wielding a +0 arbalest, wearing a +0 scale mail and quivering bolts (chance to affect: 64%)
The orc warrior is moving more slowly.
The orc warrior hits you.
The orc warrior shoots a bolt.
The bolt hits you!!
* * * LOW HITPOINT WARNING * * *
The orc warrior wields a +0 arbalest.
The orc warrior shoots a bolt.
The bolt misses you.
The orc warrior shoots a bolt.
The bolt hits you!
* * * LOW HITPOINT WARNING * * *
Your magical contamination has completely faded away.
Found a gate leading back out of this place.
The orc warrior stops moving altogether!
The orc shoots a bolt.
The bolt hits you!
You die...

##### ................
...................
...................
....................
≈≈≈≈................
###≈≈...............
..≈##.##≈...............
...≈#...@................
...≈##)∩#≈...............
...≈≈#o##≈......###......
....≈≈o≈≈≈...#### ####...
.......o....## ##..
...........## ##.
...........# #.
..........## ##
..........# #


You could see an orc warrior (petrified) and an orc.

Vanquished Creatures
  Pikel (D:7)
  A deep elf pyromancer (D:8)
  Joseph (D:8)
  Grinder (D:5)
  A yak (D:8)
  A basilisk (D:8)
  Duvessa (D:4)
  An ice beast (D:8)
  3 orc warriors (Bailey)
  A hornet zombie (D:7)
  3 sky beasts
  An ogre (D:4)
  4 centaurs
  A kobold brigand (D:8)
  2 bullfrogs (D:6)
  2 scorpions (D:5)
  A wyvern zombie (D:4)
  2 water moccasin skeletons (D:7)
  A wyvern skeleton (D:7)
  Dowan (D:4)
  5 killer bees (D:8)
  5 wights (D:8)
  3 centaur zombies
  2 gnoll shamans
  4 orc wizards
  2 howler monkey zombies (D:8)
  6 gnolls
  A howler monkey skeleton (D:5)
  9 adders
  A white imp (D:6)
  An ufetubus (D:4)
  An adder skeleton (D:4)
  4 worms
  4 dart slugs
  14 orcs
  6 bats
  6 endoplasms
  4 giant cockroaches
  12 goblins
  5 hobgoblins
  4 kobolds
  7 quokkas
  10 ball pythons
  6 rats
152 creatures vanquished.

Vanquished Creatures (others)
  A fungus (D:4)
1 creature vanquished.

Grand Total: 153 creatures vanquished

Notes
Turn   | Place    | Note
-------+----------+-------------------------------------------
     0 | D:1      | Atelerd the Octopode Earth Elementalist began the quest for
                  | the Orb.
     0 | D:1      | Reached XP level 1. HP: 11/11 MP: 3/3
   247 | D:1      | Found a faded altar of an unknown god.
   359 | D:1      | Reached XP level 2. HP: 13/17 MP: 5/5
  1488 | D:2      | Reached XP level 3. HP: 21/21 MP: 3/6
  1787 | D:2      | Found Sinnef's Assorted Antiques.
  1837 | D:2      | Bought a brown potion for 18 gold pieces
  1837 | D:2      | Bought a bubbling silvery potion for 18 gold pieces
  2682 | D:2      | Reached skill level 1 in Long Blades
  3117 | D:3      | Reached XP level 4. HP: 27/27 MP: 5/7
  3918 | D:4      | Reached XP level 5. HP: 31/31 MP: 5/8
  4165 | D:4      | Reached skill level 5 in Earth Magic
  4272 | D:4      | Found a stormy altar of Qazlal.
  4384 | D:4      | Noticed Dowan
  4385 | D:4      | Noticed Duvessa
  4649 | D:4      | Reached XP level 6. HP: 36/36 MP: 10/10
  4759 | D:4      | Learned a level 4 spell: Petrify
  5457 | D:5      | Entered Level 5 of the Dungeon
  5734 | D:5      | Reached skill level 3 in Spellcasting
  5984 | D:5      | Noticed Grinder
  6007 | D:5      | Killed Grinder
  6008 | D:5      | Reached XP level 7. HP: 41/41 MP: 7/12
  6320 | D:5      | Reached skill level 5 in Stealth
  6746 | D:4      | Killed Duvessa
  6747 | D:4      | Reached skill level 4 in Spellcasting
  6776 | D:4      | Killed Dowan
  6777 | D:4      | Reached skill level 5 in Transmutations
  6935 | D:2      | Bought a scroll labelled UKLEHI NUNIS for 21 gold pieces
  6935 | D:2      | Bought a scroll labelled ROHUCV NEID for 21 gold pieces
  7147 | D:4      | Found a runed translucent door.
  7148 | D:4      | Noticed Crazy Yiuf
  7272 | D:4      | Reached XP level 8. HP: 46/46 MP: 5/15
  7827 | D:6      | Found a staircase to the Ecumenical Temple.
  8046 | D:6      | Found an ancient bone altar of Kikubaaqudgha.
  8063 | D:6      | Reached skill level 1 in Fighting
  8063 | D:6      | Reached skill level 1 in Short Blades
  8224 | D:6      | Found a sparkling altar of Nemelex Xobeh.
  8250 | D:6      | Reached skill level 5 in Spellcasting
  8762 | D:6      | Found a sacrificial altar of Ru.
  8792 | Temple   | Entered the Ecumenical Temple
  8953 | Temple   | Became a worshipper of Sif Muna the Loreminder
  8989 | D:7      | Noticed Pikel
  9162 | D:7      | Found a burning altar of Makhleb.
  9372 | D:7      | Found a glowing golden altar of the Shining One.
  9601 | D:7      | Killed Pikel
  9602 | D:7      | Reached skill level 5 in Dodging
  9602 | D:7      | Reached skill level 6 in Spellcasting
  9602 | D:7      | Reached XP level 9. HP: 54/54 MP: 11/18
  9896 | D:8      | Noticed Joseph
  9906 | D:8      | Identified a scroll of acquirement
  9908 | D:8      | Acquired 533 gold pieces
  9928 | D:8      | Killed Joseph
 10086 | D:8      | Reached skill level 7 in Spellcasting
 10120 | D:8      | Reached skill level 1 in Invocations
 10148 | D:8      | Reached * piety under Sif Muna
 10441 | D:8      | Noticed a deep elf pyromancer
 10450 | D:8      | Reached skill level 8 in Spellcasting
 10453 | D:8      | Reached XP level 10. HP: 56/60 MP: 20/22
 10470 | D:8      | Killed a deep elf pyromancer
 10486 | D:8      | Reached skill level 9 in Spellcasting
 10523 | D:8      | Acquired the ring "Ichuf" {rElec Will+}
 10627 | D:8      | Found a flagged portal.
 10638 | Bailey   | Entered a bailey
 10988 | Bailey   | Learned a level 3 spell: Stone Arrow
 11345 | Bailey   | HP: 3/60 [orc warrior/bolt (14)]
 11346 | Bailey   | Shot with a bolt by an orc

Illustrated notes

Levels and vault maps discovered:
D:1:      amcnicky_arrival_feature_with_door, layout_basic,
          nicolae_ecumenical_snake_handling
D:2:      layout_basic, serial_shops, shop, minmay_tromino_i4
D:3:      layout_basic
D:4:      layout_basic, mainiacjoe_overflow_brackets, uniq_duvessa,
          uniq_crazy_yiuf_cottage
D:5:      layout_basic, lemuel_another_geyser, uniq_grinder
D:6:      layout_basic, lemuel_crystal_altar, mainiacjoe_overflow_cross_hatched,
          nicolae_ru_the_path_less_chosen, minmay_temple_entry_hall,
          chequers_serial_rivers_micro_d
D:7:      layout_basic, jmf_multi_god_temple, uniq_pikel
D:8:      minmay_chambers_of_fours, layout_basic, enter_bailey_3,
          minmay_fractal_squares_diagonal_5, uniq_joseph
Temple:   regret_index_temple_sphere_string
Bailey:   bailey_polearm_2, bailey

Skill      XL: |  1  2  3  4  5  6  7  8  9 10 |
---------------+-------------------------------+-----
Earth Magic    | 4 5 6 7 |  7.0
Long Blades    | 1 |  1.1
Stealth        | 3 4 5 |  5.0
Transmutations | 2 3 5 |  5.0
Spellcasting   | 3 4 6 8 9 |  9.6
Fighting       | 2 |  2.0
Short Blades   | 1 |  1.7
Dodging        | 5 |  5.0
Invocations    | 3 |  3.0

Action                   |  1- 3 |  4- 6 |  7- 9 | 10-12 || total
-------------------------+-------+-------+-------+-------++-------
Melee: Long sword        |    17 |       |       |       ||    17
       Constrict         |    12 |    10 |    12 |     4 ||    38
       Tentacles         |    10 |     9 |    22 |     9 ||    50
       Unarmed           |     1 |       |       |       ||     1
       Punch             |     2 |     1 |       |       ||     3
       Dagger            |    42 |    31 |    59 |       ||   132
       Short sword       |       |       |       |    23 ||    23
 Cast: Sandblast         |    18 |    43 |    82 |    13 ||   156
       Petrify           |       |     7 |    34 |    10 ||    51
       Stone Arrow       |       |       |       |     7 ||     7
Evoke: Wand              |       |       |     5 |    16 ||    21
  Use: Potion            |       |     2 |     1 |     3 ||     6
       Scroll            |       |       |    17 |     1 ||    18
 Stab: Sleeping          |    10 |    10 |     3 |     1 ||    24
       Petrified         |       |     5 |    27 |     4 ||    36
       Petrifying        |       |       |     3 |       ||     3
Armor: Skin              |     6 |     5 |     3 |     1 ||    15
Dodge: Dodged            |    34 |    34 |    57 |    31 ||   156
